 Dungeon Crawl Stone Soup version 0.19-a0-1568-gdd01aac (webtiles) character file.

59 Amnesiac the Digger (level 3, 0/19 HPs)
             Began as a Deep Elf Earth Elementalist on Sept 15, 2016.
             Was an Initiate of Ashenzari.
             Succumbed to a scorpion's poison
             ... on level 4 of the Dungeon.
             The game lasted 00:02:02 (437 turns).

Amnesiac the Digger (Deep Elf Earth Elementalist)    Turns: 437, Time: 00:02:03

Health: 0/19       AC:  5    Str:  5    XL:     3   Next: 78%
Magic:  2/9        EV: 13    Int: 19    God:    Ashenzari [......]
Gold:   22         SH:  0    Dex: 16    Spells: 2 memorised, 5 levels left

rFire  . . .     SeeInvis .     b - 6 stones
rCold  . . .     Gourm    .     c - +0 robe
rNeg   . . .     Faith    .     (no shield)
rPois  .         Spirit   .     (no helmet)
rElec  .         Dismiss  .     (no cloak)
rCorr  .         Reflect  .     a - +2 pair of gloves
MR     .....     Harm     .     (no boots)
Stlth  ++........               (no amulet)
                                (no ring)
                                (no ring)

@: lethally poisoned (0 -> -9)
A: no striking features
a: Curse Item, Renounce Religion


You were on level 4 of the Dungeon.
You worshipped Ashenzari.
Ashenzari was noncommittal.
You were not hungry.

You visited 1 branch of the dungeon, and saw 4 of its levels.

You collected 22 gold pieces.

Inventory:

Missiles
 b - 6 stones (in hand)
Armour
 a - a +2 pair of gloves (worn)
 c - a +0 robe (worn)
Scrolls
 f - 3 scrolls of enchant weapon {unknown}
 g - 2 scrolls of identify {unknown}
Books
 e - a book of Geomancy

   Spells                             Type                      Level
   a - Sandblast                      Earth                        1
   b - Passwall                       Transmutation/Earth          2
   c - Stone Arrow                    Conjuration/Earth            3
   d - Petrify                        Transmutation/Earth          4
   e - Lee's Rapid Deconstruction     Earth                        5
Comestibles
 d - a bread ration


   Skills:
 - Level 2.4 Dodging
 - Level 2.4 Stealth
 - Level 3.0 Spellcasting
 - Level 1.1 Transmutations
 + Level 5.2 Earth Magic


You had 5 spell levels left.
You knew the following spells:

 Your Spells              Type           Power        Failure   Level  Hunger
v - Passwall              Tmut/Erth      ##........   10%         2    ##.....
z - Sandblast             Erth           ###...       1%          1    None


Dungeon Overview and Level Annotations

Branches:
Dungeon (4/15)
 Temple: D:4-7

Altars:
Ashenzari


Message History

The rocky blast misses the scorpion.
You feel sick. The scorpion stings you.
* * * LOW HITPOINT WARNING * * *
Casting: Sandblast
Confirm with . or Enter, or press ? or * to list all spells.
Aiming: Sandblast
Press: ? - help, Shift-Dir - straight line, f/p - scorpion
Aim: a scorpion (severely wounded)
The rocky blast hits the scorpion.
The scorpion is almost dead.
* * * LOW HITPOINT WARNING * * *
You feel sick.
The scorpion stings you but does no damage.
Casting: Sandblast
Confirm with . or Enter, or press ? or * to list all spells.
Aiming: Sandblast
Press: ? - help, Shift-Dir - straight line, f/p - scorpion
Aim: a scorpion (almost dead)
The rocky blast hits the scorpion.
The scorpion is almost dead.
You die...

##########
#........#
#.######.#
#.# #.#
#.# #.#
#.# #@#
#.# #s#
#.# #.#
#.# #.#
#.# ...
#.# ...
#.# <..
#.# .....
#.#


You could see a scorpion.

Vanquished Creatures
  A hound (D:4)
  A worker ant (D:4)
  2 hobgoblins (D:2)
  A kobold (D:2)
  A frilled lizard (D:2)
6 creatures vanquished.

Notes
Turn   | Place    | Note
-------+----------+-------------------------------------------
     0 | D:1      | Amnesiac the Deep Elf Earth Elementalist began the quest for the Orb.
     0 | D:1      | Reached XP level 1. HP: 10/10 MP: 6/6
   129 | D:2      | Found a shattered altar of Ashenzari.
   270 | D:2      | Became a worshipper of Ashenzari the Shackled
   291 | D:4      | Noticed a hound
   294 | D:4      | Noticed a worker ant
   297 | D:4      | Killed a hound
   297 | D:4      | Reached skill level 4 in Earth Magic
   297 | D:4      | Reached XP level 2. HP: 15/15 MP: 2/8
   297 | D:4      | Reached XP level 3. HP: 19/19 MP: 2/9
   305 | D:4      | Reached skill level 5 in Earth Magic
   316 | D:4      | Learned a level 2 spell: Passwall
   428 | D:4      | Noticed a scorpion
   437 | D:4      | Succumbed to a scorpion's poison

Vault maps used:
D:1:      dpeg_arrival_connections
D:2:      nicolae_overflow_crystal_walls, first_bread, uniq_natasha
D:3:      uniq_iyjb, uniq_grinder, uniq_terence
D:4:      bloody_makhleb, portal_sewer_entry_f, minmay_ruptured

Skill      XL: |  1  2  3 |
---------------+----------+-----
Earth Magic    | 4 5 |  5.2
Dodging        | |  2.4
Stealth        | |  2.4
Spellcasting   | |  3.0
Transmutations | |  1.1

Action                   || total
-------------------------++-------
 Cast: Sandblast         ||    28
Armor: Robe              ||     5
Dodge: Dodged            ||    16
